 Dungeon Crawl Stone Soup version 0.31-a0-157-g0643eb4156 (webtiles) character file.

Game seed: 5169304671844076168

55 qw the Shooter (level 3, -2/32 HPs)
             Began as a Naga Hunter on June 12, 2023.
             Slain by a goblin
             ... wielding a +0 club
             ... led by Robin
              (6 damage)
             ... on level 2 of the Dungeon.
             The game lasted 00:00:20 (899 turns).

qw the Shooter (Naga Hunter)                         Turns: 899, Time: 00:00:21

Health: -2/32      AC:  2    Str: 13    XL:     3   Next: 93%
Magic:  3/3        EV:  9    Int:  9    God:
Gold:   49         SH:  0    Dex: 16    Spells: 2/2 levels left

rFire   . . .        Y - +0 shortbow
rCold   . . .        (shield currently unavailable)
rNeg    . . .        c - +0 leather armour
rPois   +            (no helmet)
rElec   .            (no cloak)
rCorr   .            (no gloves)
SInv    +            (no barding)
Will    .....        (no amulet)
Stlth   ++           (no ring)
HPRegen 0.25/turn    (no ring)
MPRegen 0.08/turn

%: no passive effects
@: very slow
A: AC +1, large, see invisible, deformed body, poison resistance, slowness 2,
spit poison 1, naga tail 1
a: Spit Poison


You were on level 2 of the Dungeon.
You visited 1 branch of the dungeon, and saw 2 of its levels.

You collected 49 gold pieces.


Innate Abilities, Weirdness & Mutations

Your serpentine skin is tough. (AC +1)
You have supernaturally acute eyesight. (SInv)
Armour fits poorly on your strangely shaped body.
Your system is resistant to poisons. (rPois)
You cover ground very slowly.
You can spit poison.
You have a snake-like lower body.


   Skills:
 - Level 2.0 Fighting
 + Level 4.9 Ranged Weapons
 - Level 1.5 Dodging
 - Level 1.5 Stealth


You had 2 spell levels left.
You didn't know any spells.
Your spell library was empty.

Inventory:

Hand Weapons
 Y - a +0 shortbow (weapon)
Armour
 c - a +0 leather armour (worn)
Potions
 d - a potion of curing {unknown}
 e - a potion of berserk rage {unknown}

Dungeon Overview and Level Annotations

Branches:
Dungeon (2/15)

Altars:


Message History

You kill the goblin!
The goblin shouts!
A goblin comes into view. It is wielding a +0 club.
You shoot an arrow. The goblin shouts!
The arrow hits Robin.
Robin is moderately wounded.
A goblin comes into view. It is wielding a +0 club.
Robin says, "Kneel, worm!"
Robin hits you with a +0 club.
You shoot an arrow. The arrow hits Robin.
Robin is heavily wounded.
Robin throws the goblin at you!
You shoot an arrow. The arrow barely misses Robin.
You have got your breath back.
Robin barely misses you. The goblin hits you with a +0 dagger.
895 ||| INVOKING Spit Poison.
Aiming: Spit Poison (2% risk of failure)
Press: ? - help, Shift-Dir - straight line, f/p - Robin The splash of poison hits Robin.
Robin is poisoned.
Robin is almost dead.
Robin's bangles clink loudly.
Robin throws the goblin at you! The goblin barely misses you.
You shoot an arrow. The arrow closely misses Robin.
The goblin hits you with a +0 club. Robin barely misses you.
The goblin hits you with a +0 dagger.
You shoot an arrow.
The arrow hits Robin but does no damage.
Robin is almost dead.
The goblin hits you with a +0 club. The goblin hits you but does no damage.
The goblin hits you with a +0 dagger. The goblin barely misses you.
You shoot an arrow. The arrow hits Robin.
You kill Robin!
The goblin hits you with a +0 club. The goblin closely misses you.
You shoot an arrow. The arrow hits the goblin.
The goblin is severely wounded.
You have got your breath back.
The goblin hits you with a +0 club. The goblin hits you with a +0 dagger.
The goblin hits you with a +0 club.
You die...

#.#...#...........>..
##.#.###.......####.##
#..............####.##
#..#.###.............#
#..#.# #......)###....
#..#.# #..............
#..#.# ####...^....#.#
#<.#g### ####.#####.#
#..#g@)# #.# #.#
#..###g# #.# ... g#
#)# #.# .# #.# ### .#
#?# .. .. ..


You could see 4 goblins.

Vanquished Creatures
  Robin (D:2)
  2 dart slugs (D:1)
  5 ball pythons
  2 bats (D:1)
  An endoplasm (D:1)
  8 goblins
  5 hobgoblins
  7 kobolds
  A quokka (D:1)
  4 frilled lizards (D:1)
  4 rats
40 creatures vanquished.

Notes
Turn   | Place    | Note
-------+----------+-------------------------------------------
     0 | D:1      | qw the Naga Hunter began the quest for the Orb.
     0 | D:1      | Reached XP level 1. HP: 19/19 MP: 1/1
     0 | D:1      | 0 ||| qw: Version: 0.2-a-29-gc1b59c4
     0 | D:1      | 0 ||| qw: Game counter: 4136
     0 | D:1      | 0 ||| qw: Always use a shield: true
     0 | D:1      | 0 ||| qw: God list: Okawaru
     0 | D:1      | 0 ||| qw: Allow faded altars: false
     0 | D:1      | 0 ||| qw: Do Orc after D:15 true
     0 | D:1      | 0 ||| qw: Do second Lair branch before Depths: true
     0 | D:1      | 0 ||| qw: Lair rune preference: random
     0 | D:1      | 0 ||| qw: Plans: Normal
     0 | D:1      | 0 ||| PLANNING D:1-11
    45 | D:1      | 45 ||| INVOKING Spit Poison.
    49 | D:1      | 49 ||| INVOKING Spit Poison.
    53 | D:1      | 53 ||| INVOKING Spit Poison.
   115 | D:1      | 115 ||| INVOKING Spit Poison.
   116 | D:1      | 116 ||| INVOKING Spit Poison.
   167 | D:1      | Reached skill level 4 in Ranged Weapons
   167 | D:1      | Reached XP level 2. HP: 26/26 MP: 2/2
   180 | D:1      | 180 ||| INVOKING Spit Poison.
   189 | D:1      | 189 ||| INVOKING Spit Poison.
   203 | D:1      | 203 ||| INVOKING Spit Poison.
   238 | D:1      | 238 ||| INVOKING Spit Poison.
   271 | D:1      | 271 ||| INVOKING Spit Poison.
   285 | D:1      | 285 ||| INVOKING Spit Poison.
   308 | D:1      | You fall into a shaft and drop 1 floor!
   328 | D:2      | 328 ||| INVOKING Spit Poison.
   343 | D:2      | 343 ||| INVOKING Spit Poison.
   403 | D:2      | 403 ||| INVOKING Spit Poison.
   427 | D:2      | Reached XP level 3. HP: 32/32 MP: 3/3
   438 | D:2      | 438 ||| INVOKING Spit Poison.
   452 | D:2      | 452 ||| READING scroll labelled TIXKUL EDUMAOJ.
   453 | D:2      | 453 ||| DROPPING scroll of butterflies.
   500 | D:1      | 500 ||| INVOKING Spit Poison.
   550 | D:1      | 550 ||| INVOKING Spit Poison.
   581 | D:1      | 581 ||| INVOKING Spit Poison.
   630 | D:1      | 630 ||| INVOKING Spit Poison.
   726 | D:1      | 726 ||| READING scroll labelled XADIRUFRAHIU.
   798 | D:2      | 798 ||| INVOKING Spit Poison.
   803 | D:2      | 803 ||| INVOKING Spit Poison.
   882 | D:2      | 882 ||| INVOKING Spit Poison.
   882 | D:2      | Noticed Robin
   885 | D:2      | 885 ||| INVOKING Spit Poison.
   888 | D:2      | 888 ||| INVOKING Spit Poison.
   891 | D:2      | 891 ||| INVOKING Spit Poison.
   895 | D:2      | 895 ||| INVOKING Spit Poison.
   898 | D:2      | Killed Robin
   898 | D:2      | HP: 6/32 [goblin/+0 club[Robin] (5)]
   899 | D:2      | Slain by a goblin

Levels and vault maps discovered:
D:1:      saegor_arrival_simple_e, layout_basic, serial_park_tiny_pond
D:2:      layout_loops_ring, glass_columns_a, uniq_robin

Skill      XL: |  1 |
---------------+----+-----
Ranged Weapons | 4 |  4.9
Fighting       | |  2.0
Dodging        | |  1.5
Stealth        | |  1.5

Action                     || total
---------------------------++-------
   Fire: Shortbow          ||    58
Ability: Spit Poison       ||    25
    Use: Scroll            ||     2
 Armour: Leather armour    ||     6
  Dodge: Dodged            ||    12

Table legend:
 A = Non-vault XP
 B = Vault XP
 C = Vault XP percentage of total XP
 D = Non-vault monster count
 E = Vault monster count
 F = Vault count percentage of total count
                 A         B        C        D         E       F
            +---------+---------+-------+---------+---------+-------
      Total |      52 |      27 |  34.2 |      33 |       7 |  17.5
            +---------+---------+-------+---------+---------+-------
        D:1 |      38 |       0 |   0.0 |      23 |       0 |   0.0
        D:2 |      14 |      27 |  65.9 |      10 |       7 |  41.2
            +---------+---------+-------+---------+---------+-------
